 Dungeon Crawl Stone Soup version 0.27.1-1-g398f81649c (webtiles) character file.

Game seed: 6020518413397756210

263 ZARRMARR the Cutter (level 6, -1/39 HPs)
             Began as an Octopode Brigand on Sept 8, 2021.
             Killed from afar by an orc wizard (7 damage)
             ... with a magic dart
             ... on level 4 of the Dungeon.
             The game lasted 00:09:51 (2634 turns).

ZARRMARR the Cutter (Octopode Brigand)              Turns: 2634, Time: 00:09:51

Health: -1/39      AC:  1    Str: 10    XL:     6   Next: 19%
Magic:  6/6        EV: 12    Int: 16    God:
Gold:   118        SH:  0    Dex: 13    Spells: 5/5 levels left

rFire    . . .     SeeInvis .   a - +2 dagger
rCold    + . .     Faith    .   (no shield)
rNeg     . . .     Spirit   .   (helmet restricted)
rPois    .         Reflect  .   (no amulet)
rElec    .         Harm     .   f - ring of protection from cold
rCorr    .         Rampage  .   (no ring)
Will     .....                  (no ring)
Stlth    ++++......             (no ring)
HPRegen  0.13/turn              (no ring)
MPRegen  0.10/turn              (no ring)
                                (no ring)
                                (no ring)

@: brilliant
A: almost no armour, amphibious, 8 rings, camouflage 1, gelatinous body 1,
(nimble swimmer 1), tentacles
a: no special abilities


You were on level 4 of the Dungeon.
You visited 1 branch of the dungeon, and saw 4 of its levels.

You collected 118 gold pieces.

Inventory:

Hand Weapons
 a - a +2 dagger (weapon)
Missiles
 b - 8 poisoned darts (quivered)
Jewellery
 f - a ring of protection from cold (left tentacle)
Scrolls
 h - a scroll of amnesia {unknown}
 j - a scroll of enchant weapon {unknown}
Potions
 g - a potion of attraction
 i - 2 potions of cancellation


   Skills:
 - Level 2.0 Fighting
 + Level 6.3 Short Blades
 - Level 2.0 Throwing
 - Level 1.0 Dodging
 - Level 5.3 Stealth


You had 5 spell levels left.
You didn't know any spells.
Your spell library was empty.

Dungeon Overview and Level Annotations

Branches:
Dungeon (4/15)
 Temple: D:4-7

Altars:
Vehumet

Shops:
D:4 [

Annotations:
D:4 Dowan, Duvessa


Innate Abilities, Weirdness & Mutations

You cannot wear most types of armour.
You are amphibious.
You can wear up to eight rings at the same time.
Your skin changes colour to match your surroundings (Stealth+).
Your rubbery body absorbs attacks. (AC +1, EV +1)
((You are camouflaged near water. (Stealth+)))
You have tentacles for arms and can constrict up to eight enemies at once.


Message History

You constrict the orc wizard.
The orc priest mumbles some strange prayers to Beogh against you.
Beogh smites you!
* * * LOW HITPOINT WARNING * * *
As you read the scroll of fear, it crumbles to dust.
You assume a fearsome visage.
The orc looks frightened!
The orc priest looks frightened!
The orc wizard looks frightened!
You constrict the orc priest, but do no damage.
You constrict the orc wizard.
The orc wizard casts a spell.
The orc wizard flickers and vanishes!
Deactivating autopickup; reactivate with Ctrl-A.
The orc priest struggles to escape constriction.
You hit something but do no damage.
You constrict the orc priest, but do no damage.
You constrict something.
You release your grip on the orc priest.
You release your grip on something.
You hear some strange, mumbled words.
Something tries to affect you, but you resist.
An orc wizard comes into view. It is wielding a +0 dagger.
It was a potion of brilliance.
You feel clever all of a sudden.
You hear some strange, mumbled words.
Something tries to affect you, but you resist.
Unknown command.
Throw: 2 darts (curare)
Press: ? - help, Q - select action, (/) - cycle Shift-Dir - straight line, f - orc wizard
Aim: an orc wizard, wielding a +0 dagger and wearing a +0 robe (51% to hit)
You throw a curare-tipped dart.
Reactivating autopickup.
You feel a bit more experienced.
Throw: dart (curare)
Press: ? - help, Q - select action, (/) - cycle Shift-Dir - straight line, f/p - orc wizard
Aim: an orc wizard, wielding a +0 dagger and wearing a +0 robe (51% to hit)
You throw a curare-tipped dart.
The curare-tipped dart closely misses the orc wizard.
The orc wizard gestures at you while chanting.
The magic dart hits you!
You die...

... #...# #.#. #.#
#.>.# #.#. #.#
#...# #.#. #.#
#.∩.# #.#. #.#
#...# #.#.
#.#############.##
#.##..........).#
#.###..####.#####
#@# #.## #.#
##o###.# #.#
#......# #.#
##(.$.)# #.#
#####o# #.. ....
... #o### #.# ..#


You could see an orc wizard.

Vanquished Creatures
  A necrophage (D:3)
  A hound (D:4)
  An orc wizard (D:4)
  Natasha (twice) (D:3)
  2 adders
  A dart slug (D:3)
  3 orcs
  2 bats
  7 endoplasms
  4 goblins
  6 hobgoblins
  2 jackals (D:2)
  A quokka (D:1)
  3 ball pythons
  2 frilled lizards
  5 kobolds
  10 rats
53 creatures vanquished.

Notes
Turn   | Place    | Note
-------+----------+-------------------------------------------
     0 | D:1      | ZARRMARR the Octopode Brigand began the quest for the Orb.
     0 | D:1      | Reached XP level 1. HP: 14/14 MP: 1/1
   149 | D:1      | Reached XP level 2. HP: 19/19 MP: 2/2
   697 | D:1      | Reached skill level 3 in Short Blades
  1013 | D:2      | Reached XP level 3. HP: 22/24 MP: 3/3
  1496 | D:2      | Found a faded altar of an unknown god.
  1839 | D:3      | Noticed Natasha
  1846 | D:3      | Killed Natasha
  1847 | D:3      | Reached skill level 4 in Short Blades
  1847 | D:3      | Reached XP level 4. HP: 29/29 MP: 4/4
  2223 | D:3      | Found a radiant altar of Vehumet.
  2385 | D:3      | Noticed Natasha
  2395 | D:3      | Killed Natasha
  2396 | D:3      | Reached skill level 5 in Short Blades
  2396 | D:3      | Reached XP level 5. HP: 23/34 MP: 5/5
  2517 | D:3      | Noticed a necrophage
  2521 | D:3      | Killed a necrophage
  2555 | D:4      | Reached skill level 6 in Short Blades
  2555 | D:4      | Reached XP level 6. HP: 39/39 MP: 6/6
  2591 | D:4      | Noticed Duvessa
  2591 | D:4      | Noticed Dowan
  2608 | D:4      | Found Meerghom's Antique Armour Emporium.
  2634 | D:4      | Killed from afar by an orc wizard

Illustrated notes

Levels and vault maps discovered:
D:1:      dpeg_arrival_rooms_c, layout_basic
D:2:      layout_loops_ring, chequers_ecumenical_altar_simple,
          serial_bayou_pond_d, minmay_hexomino_p4
D:3:      layout_basic, mainiacjoe_overflow_cross_hatched, uniq_natasha
D:4:      layout_loops_ring, mainiacjoe_overflow_boulevard, serial_shops,
          nicolae_take_the_stairs, portal_sewer_entry_e, kennysheep_boxes,
          uniq_duvessa

Skill      XL: |  1  2  3  4  5 |
---------------+----------------+-----
Short Blades   | 3 4 5 6 |  6.3
Fighting       | |  2.0
Throwing       | |  2.0
Dodging        | |  1.0
Stealth        | |  5.3

Action                   |  1- 3 |  4- 6 || total
-------------------------+-------+-------++-------
Melee: Dagger            |    56 |    41 ||    97
       Tentacles         |    12 |     5 ||    17
       Constrict         |    12 |     9 ||    21
Throw: Dart              |       |     2 ||     2
  Use: Scroll            |     4 |     3 ||     7
       Potion            |       |     2 ||     2
 Stab: Sleeping          |    16 |     7 ||    23
Armor: Skin              |     3 |     1 ||     4
Dodge: Dodged            |    18 |    13 ||    31
